 Dungeon Crawl Stone Soup version 0.29.0-11-gd7f09526c8 (webtiles) character file.

Game seed: 7789991087237738103

137168 Flugkiller the Severer (level 16, -2/157 HPs)
             Began as a Minotaur Fighter on Sept 4, 2022.
             Was a Plaything of Xom.
             Slain by a salamander
             ... wielding a +0 halberd
              (7 damage)
             ... on level 4 of the Snake Pit.
             The game lasted 00:15:54 (21670 turns).

Flugkiller the Severer (Minotaur Fighter)          Turns: 21670, Time: 00:15:55

Health: -2/157     AC: 41    Str: 23    XL:     16   Next: 68%
Magic:  15/15      EV:  6    Int:  5    God:    Xom [..*...]
Gold:   2251       SH: 15    Dex: 14    Spells: 15/15 levels left

rFire   + . .      SeeInvis +   R - +3 broad axe (vamp)
rCold   + + .      Faith    .   b - +2 kite shield
rNeg    . . .      Spirit   .   O - +7 gold dragon scales
rPois   +          Reflect  .   (helmet unavailable)
rElec   .          Harm     .   K - +2 cloak
rCorr   .          Rampage  .   g - +2 pair of gloves
Will    ++...      NoTele   +   G - +1 pair of boots
Stlth   ..........              C - amulet of regeneration
HPRegen 1.16/turn               (no ring)
MPRegen 0.14/turn               m - ring of willpower

@: mighty, lethally poisoned (-2 -> -2), untranslocatable, slowed, constricted,
unable to read, very slow
A: horns 3, retaliatory headbutt, iridescent scales 1, see invisible, cold
resistance 1, dopey 1, sense surroundings 1, screaming 1, subdued magic 1,
inability to read after injury 2
a: Renounce Religion


You were on level 4 of the Snake Pit.
You worshipped Xom.
You were a toy of Xom.
You visited 4 branches of the dungeon, and saw 26 of its levels.
You visited 1 bazaar.
You also visited: Bailey and Ice Cave.

You collected 6694 gold pieces.
You spent 4443 gold pieces at shops.

Inventory:

Hand Weapons
 z - a +7 broad axe of protection
   (You bought it in a shop on level 8 of the Dungeon)
 R - a +3 vampiric broad axe (weapon)
   (You bought it in a shop in a bazaar)
Missiles
 i - 3 silver javelins
 M - 5 throwing nets (quivered)
Armour
 b - a +2 kite shield (worn)
   (You bought it in a shop on level 7 of the Dungeon)
 g - a +2 pair of gloves (worn)
   (You found it on level 8 of the Dungeon)
 E - a scarf of resistance
   (You found it in an ice cave)
 G - a +1 pair of boots (worn)
   (You found it on level 4 of the Lair of Beasts)
 K - a +2 cloak (worn)
   (You found it on level 5 of the Lair of Beasts)
 O - +7 gold dragon scales (worn)
   (You bought it in a shop on level 12 of the Dungeon)
Jewellery
 c - a ring of protection from cold
   (You found it on level 8 of the Dungeon)
 f - a ring of protection from fire
   (You found it on level 3 of the Lair of Beasts)
 k - a ring of magical power
   (You found it on level 4 of the Snake Pit)
 m - a ring of willpower (right hand)
   (You found it on level 5 of the Lair of Beasts)
 C - an amulet of regeneration (around neck)
   (You found it on level 1 of the Dungeon)
 F - a ring of protection from fire
   (You found it on level 5 of the Lair of Beasts)
 P - a ring of willpower
   (You found it on level 14 of the Dungeon)
Wands
 e - a wand of acid (11)
   (You found it on level 5 of the Dungeon)
 v - a wand of paralysis (6)
   (You found it on level 2 of the Lair of Beasts)
 H - a wand of roots (11)
   (You found it on level 5 of the Lair of Beasts)
 Q - a wand of mindburst (6)
   (You found it on level 15 of the Dungeon)
Scrolls
 j - a scroll of blinking {unknown}
 l - 5 scrolls of magic mapping
 r - 3 scrolls of identify
 t - 15 scrolls of teleportation
 u - a scroll of vulnerability
 B - 4 scrolls of immolation
 I - 4 scrolls of fear
Potions
 a - 4 potions of cancellation
 h - 3 potions of lignification
 n - 2 potions of resistance
 p - 8 potions of invisibility
 q - 7 potions of curing
 w - 8 potions of heal wounds
 A - 3 potions of flight
 D - a potion of mutation
 J - a potion of ambrosia {unknown}
 L - a potion of degeneration
Miscellaneous
 x - a phantom mirror
   (You found it on level 10 of the Dungeon)


   Skills:
 + Level 17.8 Fighting
 - Level 18.0 Axes
 + Level 17.9 Armour
 + Level 11.4 Dodging
 - Level 15.0 Shields
 + Level 5.3 Evocations


You had 15 spell levels left.
You didn't know any spells.
Your spell library was empty.

Dungeon Overview and Level Annotations

Branches:
Dungeon (15/15)            Temple (0/1) D:4            Lair (5/5) D:11
 Shoals (0/4) Lair:2        Snake (4/4) Lair:3        Slime (0/5) Lair:5
    Orc (2/2) D:11            Elf (0/3) Orc:2        Vaults (0/5) D:13
 Depths (0/4) D:15         Bailey (visited)           IceCv (visited)

Altars:
Elyvilon
Gozag
Nemelex Xobeh
Ru
Trog
Wu Jian
Xom
Zin
Jiyva

Shops:
D:4 ?   D:7 [(((*   D:8 (   D:12 [   D:13 :   D:15 :   Orc:2 :[([
Snake:1 **?*

Annotations:
Lair:4 exclusion: oklob plant


Innate Abilities, Weirdness & Mutations

You have a pair of large horns on your head.
You reflexively headbutt those who attack you in melee.
You are partially covered in iridescent scales. (AC +2)
You have supernaturally acute eyesight. (SInv)
Your flesh is cold resistant. (rC+)
You are dopey. (Int -2)
You passively map a small area around you.
You occasionally shout uncontrollably at your foes.
Your spells are a little easier to cast, but a little less powerful.
You sometimes lose the ability to read scrolls when taking damage.


Message History

* * * LOW HITPOINT WARNING * * *
The naga mage spits poison at you.
The splash of poison hits you but does no damage.
You resist. The naga mage constricts you.
You feel better. "Serve the toy, my child!"
You are now a toy of Xom.
The naga sharpshooter no longer looks unusually toxic.
The naga sharpshooter no longer looks unusually strong.
You block the guardian serpent's attack.
The nagaraja spits poison at you. The splash of poison misses you.
The naga hits you but does no damage. You block the naga mage's attack.
The naga mage constricts you.
The naga sharpshooter unwields a +0 battleaxe.
The naga sharpshooter wields a +0 longbow.
The naga sharpshooter shoots an arrow.
You block the arrow.
The salamander hits you but does no damage.
The naga hits you but does no damage.
The guardian serpent hits you but does no damage.
The naga mage spits poison at you.
The splash of poison hits you but does no damage.
You are poisoned.
You resist. You block the nagaraja's attack. The naga spits poison at you.
The splash of poison hits you.
The naga mage hits you but does no damage.
The naga mage constricts you. The salamander completely misses you.
The naga sharpshooter mumbles some strange words.
The naga sharpshooter magically shoots an arrow.
The arrow hits you!
* * * LOW HITPOINT WARNING * * *
The naga hits you from afar with a +0 trident.
* * * LOW HITPOINT WARNING * * *
You emit a cloud of colourful smoke!
The naga sharpshooter shoots an arrow.
The arrow hits you!
* * * LOW HITPOINT WARNING * * *
You cannot read scrolls in your current state!
Unknown command.
You feel much better.
You feel sick. The guardian serpent barely misses you.
The nagaraja hits you from afar with a +0 spear.
* * * LOW HITPOINT WARNING * * *
You block the naga's attack. The naga mage spits poison at you.
The splash of poison hits you but does no damage.
You resist. The naga mage constricts you.
The naga sharpshooter spits poison at you.
The splash of poison hits you but does no damage.
The naga mage hits you but does no damage.
The guardian serpent hits you but does no damage.
The naga hits you but does no damage.
The nagaraja hits you but does no damage.
You block the salamander's attack.
The naga sharpshooter mumbles some strange words.
The naga sharpshooter magically shoots an arrow.
The arrow hits you but does no damage. The naga hits you but does no damage.
The naga mage hits you but does no damage.
The naga mage constricts you.
The naga sharpshooter shoots an arrow.
You block the arrow. The naga mage spits poison at you.
The splash of poison misses you.
Your iron imp barely misses the guardian serpent.
The guardian serpent hits you!
* * * LOW HITPOINT WARNING * * *
You feel very mighty all of a sudden.
You feel sick.
The naga no longer looks unusually toxic.
The naga mage no longer looks unusually strong.
The naga hits you but does no damage. The nagaraja casts a spell at you.
The bolt of poison hits you! You resist.
* * * LOW HITPOINT WARNING * * *
The naga mage gestures at you while chanting.
The bolt of poison hits you. You resist.
* * * LOW HITPOINT WARNING * * *
The naga mage constricts you.
* * * LOW HITPOINT WARNING * * *
The naga sharpshooter shoots an arrow.
You block the arrow. The guardian serpent hits you!
* * * LOW HITPOINT WARNING * * *
The salamander hits you but does no damage.
The naga hits you but does no damage.
The naga sharpshooter gestures wildly while chanting.
The naga sharpshooter magically shoots an arrow.
The arrow hits you.
* * * LOW HITPOINT WARNING * * *
The naga spits poison at you.
The splash of poison hits you but does no damage.
The nagaraja gestures at you while chanting.
You resist with significant effort. The naga mage spits poison at you.
The splash of poison misses you. The naga mage constricts you.
* * * LOW HITPOINT WARNING * * *
Your iron imp hits the guardian serpent.
The guardian serpent barely misses your iron imp.
You block the naga's attack.
The salamander hits you from afar with a +0 halberd.
* * * LOW HITPOINT WARNING * * *
You are engulfed in flames!
You resist.
You die...
Xom roars with laughter!

........#...............# ###.#
........#.........##++### #.#
...<...##......####....## #.#
........#......###...)..#* #.###
...†....#......##)..##...#* #.##.
........#.....##.).####...###.##.
........#....##.§§##..##..)##.##.
........#...##§NN##....##...####.
.......##..##.§N@#......#N...**#.
......######...NNSN........., *#.
####### *#...NN#§5.....S#,, ,,##
*#...#:N*#......#*,,*,,,#
**...##.. ##....##,,,**,,,
,..#*...,,##..##,, ,,**,
**,,.#*....,,,####,,,,,, **,
*,,,,*....., ,, *,,,,,,,,,* **,,
,,,,,,,,,,,,,,,,,, ,,,,,,


You could see a nagaraja (fast), 2 naga sharpshooters, a salamander, a guardian
serpent shaped shifter (distracted), 2 naga magi, 3 nagas and a friendly iron
imp (summoned).

Vanquished Creatures
  A frost giant (IceCv)
  3 nagarajas (Snake:4)
  The ghost of inmateoo the Cruncher, a journeyman DsGl of Gozag (Lair:5)
  An orc warlord (Orc:2)
  A stone giant (D:15)
  3 dire elephants (Lair:5)
  2 bunyips (D:14)
  Fannar (Lair:1)
  Harold (Lair:2)
  6 hydras
  An ogre mage (D:13)
  A salamander tyrant (Snake:4)
  7 centaur warriors
  3 boulder beetles
  An anaconda (shapeshifter) (D:10)
  5 anacondas
  8 naga warriors
  3 two-headed ogres
  4 naga sharpshooters
  13 death yaks
  A tengu warrior (D:15)
  An orc high priest (Orc:2)
  2 shock serpents (Snake:4)
  3 skeletal warriors (D:14)
  3 salamander mystics
  A glowing orange brain (D:14)
  3 naga ritualists
  4 lindwurms (Lair:5)
  5 orc knights
  Pikel (D:9)
  4 mana vipers
  3 manticores
  An oklob plant (Lair:5)
  9 ugly things (D:15)
  A deep elf pyromancer (D:15)
  5 cyclopes
  5 salamanders
  6 elephants (Lair:5)
  2 merfolk sirens (Lair:2)
  23 black mambas
  7 guardian serpents
  11 naga magi
  A cane toad (shapeshifter) (D:14)
  An ice statue (IceCv)
  A gargoyle (D:10)
  14 cane toads
  A demonic crawler (Lair:2)
  12 rime drakes
  8 komodo dragons
  An unseen horror (D:11)
  3 yaktaurs (D:13)
  A hellwing (Lair:3)
  2 efreet (D:15)
  A tengu conjurer (D:15)
  An ice devil (Lair:3)
  8 trolls
  A merfolk (Lair:2)
  Grinder (D:4)
  3 meliai (D:14)
  16 polar bears
  2 dream sheep (Lair:5)
  5 blink frogs
  A spriggan (D:12)
  2 shadows
  A jumping spider (Lair:1)
  4 wraiths
  3 wyverns
  64 yaks
  4 basilisks
  11 wargs
  2 steam dragons
  11 vampire mosquitoes
  A swamp worm (Lair:2)
  4 acid dragons
  27 nagas
  15 hell hounds (Lair:5)
  15 water moccasins
  An ice beast (D:6)
  43 orc warriors
  A sky beast (D:7)
  15 black bears
  9 ogres
  13 centaurs
  27 wolves
  A lemure (D:9)
  8 kobold brigands
  Blork the orc (D:4)
  13 bullfrogs
  A necrophage (D:7)
  5 scorpions
  2 gnoll sergeants
  5 wights (D:8)
  8 killer bees
  7 electric eels
  2 howler monkeys
  5 hounds
  4 lava snakes (Lair:5)
  A jelly (D:4)
  24 orc priests
  2 gnoll boudas
  4 iguanas
  19 orc wizards
  5 hell rats (Lair:1)
  6 adders
  15 gnolls
  18 river rats (Lair:1)
  A shadow imp (D:5)
  A white imp (D:8)
  2 ufetubi
  2 worms
  3 dart slugs
  92 orcs
  7 ball pythons
  9 endoplasms
  A giant cockroach (D:3)
  8 goblins
  7 hobgoblins
  17 kobolds
  11 quokkas
  2 bats (D:3)
  2 frilled lizards
  14 rats
859 creatures vanquished.

Vanquished Creatures (collateral kills)
  A nagaraja (Snake:4)
  A shock serpent (Snake:4)
  A salamander mystic (Snake:4)
  A merfolk siren (Lair:2)
  A swamp worm (Lair:2)
  5 wolves (Lair:2)
  An ogre (D:13)
  A river rat (Lair:1)
12 creatures vanquished.

Vanquished Creatures (others)
  4 dancing weapons
  A tengu conjurer (D:15)
  3 electric eels
  An orc wizard (D:13)
  50 fungi
  113 plants
172 creatures vanquished.

Grand Total: 1043 creatures vanquished

Notes
Turn   | Place    | Note
-------+----------+-------------------------------------------
     0 | D:1      | Flugkiller the Minotaur Fighter began the quest for the
                  | Orb.
     0 | D:1      | Reached XP level 1. HP: 19/19 MP: 0/0
   181 | D:1      | Found a faded altar of an unknown god.
   201 | D:1      | Prayed at the altar of an unknown god.
   201 | D:1      | Became a worshipper of Xom of Bone-Dry Humour
   260 | D:1      | XOM: silly message
   275 | D:1      | Reached XP level 2. HP: 27/27 MP: 1/1
   280 | D:1      | Reached skill level 3 in Axes
   577 | D:1      | XOM: noise
  1211 | D:2      | Reached XP level 3. HP: 25/33 MP: 2/2
  1222 | D:2      | XOM: summons 2 hostile demons
  1534 | D:2      | Reached skill level 4 in Axes
  1534 | D:2      | Reached XP level 4. HP: 33/41 MP: 3/3
  1803 | D:2      | XOM: 4-stop teleportation journey
  1956 | D:2      | XOM is BORED!
  1956 | D:2      | XOM: give mutations
  1956 | D:2      | Gained mutation: You occasionally lose the ability to drink
                  | potions when taking damage. [Xom's mischief]
  1956 | D:2      | Gained mutation: You occasionally lose the ability to read
                  | scrolls when taking damage. [Xom's mischief]
  1956 | D:2      | Gained mutation: You possess an exceptional clarity of
                  | mind. [Xom's mischief]
  1956 | D:2      | Gained mutation: Your flesh is cold resistant. (rC+) [Xom's
                  | mischief]
  2009 | D:3      | Found a sacrificial altar of Ru.
  2051 | D:3      | Found an opulent altar of Gozag.
  2171 | D:3      | Reached XP level 5. HP: 47/47 MP: 4/4
  2287 | D:3      | Reached skill level 5 in Axes
  2402 | D:3      | XOM: summons 2 hostile demons
  2465 | D:3      | XOM: 2-stop teleportation journey
  2647 | D:4      | Found Olidgh's Magic Scroll Shoppe.
  2657 | D:4      | Bought 2 scrolls of identify for 48 gold pieces
  2828 | D:4      | Reached skill level 5 in Fighting
  2828 | D:4      | Reached skill level 5 in Armour
  2876 | D:4      | XOM: cloud trail
  2913 | D:4      | Reached XP level 6. HP: 37/56 MP: 5/5
  3000 | D:4      | Noticed Grinder
  3001 | D:4      | Noticed Blork the orc
  3003 | D:4      | XOM: scenery: summon butterflies
  3004 | D:4      | Paralysed by Grinder for 4 turns
  3009 | D:4      | XOM: cast spell 'Olgreb's Toxic Radiance'
  3014 | D:4      | Found a staircase to the Ecumenical Temple.
  3017 | D:4      | Killed Grinder
  3018 | D:4      | Reached skill level 6 in Axes
  3022 | D:4      | Killed Blork the orc
  3023 | D:4      | Reached XP level 7. HP: 35/62 MP: 6/6
  3388 | D:5      | Entered Level 5 of the Dungeon
  3404 | D:5      | Reached skill level 7 in Axes
  3456 | D:5      | XOM: cast spell 'Summon Small Mammal'
  3492 | D:5      | XOM: fog
  3509 | D:5      | XOM: summons friendly crimson imp
  3636 | D:5      | Reached skill level 8 in Axes
  3697 | D:5      | Found a bloodstained altar of Trog.
  3789 | D:5      | Reached XP level 8. HP: 71/71 MP: 7/7
  3879 | D:5      | Noticed a black mamba
  3879 | D:5      | a sky beast changed into a black mamba
  3879 | D:5      | XOM: polymorph sky beast -> black mamba
  3881 | D:5      | Killed a black mamba
  3882 | D:5      | Reached skill level 9 in Axes
  3895 | D:5      | XOM: give mutations
  3895 | D:5      | Gained mutation: Your spells are a little easier to cast,
                  | but a little less powerful. [Xom's mischief]
  3895 | D:5      | Gained mutation: You occasionally shout uncontrollably at
                  | your foes. [Xom's mischief]
  3895 | D:5      | Gained mutation: You are frail. (-10% HP) [Xom's mischief]
  4004 | D:5      | XOM: give mutations
  4004 | D:5      | Lost mutation: You possess an exceptional clarity of mind.
                  | [Xom's mischief]
  4004 | D:5      | Gained mutation: You are dopey. (Int -2) [Xom's mischief]
  4004 | D:5      | Lost mutation: You are frail. (-10% HP) [Xom's mischief]
  4297 | D:4      | Bought a scroll of enchant weapon for 90 gold pieces
  4373 | D:6      | XOM: polymorph water moccasin -> steam dragon
  4379 | D:6      | XOM: 6-stop teleportation journey
  4440 | D:6      | Reached skill level 10 in Axes
  4526 | D:6      | XOM: draining
  4557 | D:6      | Reached XP level 9. HP: 63/75 MP: 8/8
  4588 | D:6      | XOM: god gift: staff of fire
  4595 | D:6      | XOM: chaos cloud
  4714 | D:6      | Found a white marble altar of Elyvilon.
  4716 | D:6      | Found a shimmering altar of Xom.
  4722 | D:6      | XOM: blink monster(s)
  4738 | D:6      | Reached skill level 11 in Axes
  5305 | D:7      | Found Eckophin's Weapon Emporium.
  5318 | D:7      | Found a flagged portal.
  5343 | Bailey   | Entered a bailey
  5361 | Bailey   | XOM: divination: detect items
  5369 | Bailey   | Reached skill level 12 in Axes
  5440 | Bailey   | Found a bloodstained altar of Trog.
  5446 | Bailey   | Identified the +2 hat of Undesirable Species {*Slow Regen+
                  | Str+6}
  5518 | D:7      | Found Kystyepa's Antique Weapon Boutique.
  5664 | D:7      | Found Lirag's Antique Weapon Boutique.
  5763 | D:7      | Reached XP level 10. HP: 84/91 MP: 9/9
  5776 | D:7      | Found Boerolaf's Antique Armour Boutique.
  6002 | D:7      | Found Xijeic's General Store.
  6099 | D:8      | Found Xoofek's Weapon Shop.
  6106 | D:8      | Bought a +1 antimagic broad axe for 228 gold pieces
  6389 | D:8      | XOM: smoke on damage
  6402 | D:8      | XOM: god gift: mace {god gift}
  6454 | D:8      | Found a glowing silver altar of Zin.
  6477 | D:8      | Identified the +1 rapier "Tiela" {pain, Fly Str+4 Int+3
                  | Dex-2}
  6655 | D:9      | Reached skill level 13 in Axes
  6658 | D:8      | XOM: divination: detect creatures
  6661 | D:8      | Reached skill level 10 in Fighting
  6661 | D:8      | XOM: 4-stop teleportation journey
  6735 | D:8      | Reached skill level 10 in Armour
  6738 | D:8      | XOM: god gift: 932 gold pieces
  6768 | D:9      | XOM: noise
  6876 | D:9      | XOM: god gift: 26 gold pieces
  7369 | D:4      | Bought a scroll of enchant weapon for 90 gold pieces
  7369 | D:4      | Bought a scroll of enchant weapon for 90 gold pieces
  7369 | D:4      | Bought a scroll of magic mapping for 90 gold pieces
  7441 | D:7      | Bought a glowing kite shield for 157 gold pieces
  7546 | D:10     | Entered Level 10 of the Dungeon
  7665 | D:10     | XOM: give mutations
  7665 | D:10     | Gained mutation: You are robust. (+10% HP) [Xom's grace]
  7665 | D:10     | Gained mutation: You are strong-willed. (Will+) [Xom's
                  | grace]
  7665 | D:10     | Gained mutation: You passively map a small area around you.
                  | [Xom's grace]
  7665 | D:10     | Gained mutation: You are partially covered in iridescent
                  | scales. (AC +2) [Xom's grace]
  7756 | D:10     | XOM: scenery: create altars
  7786 | D:10     | XOM: cloud trail
  7867 | D:10     | Noticed a gargoyle
  7870 | D:10     | Noticed a glowing shapeshifter
  7870 | D:10     | a troll changed into a glowing shapeshifter
  7870 | D:10     | XOM: polymorph troll -> glowing shapeshifter
  7870 | D:10     | Noticed a two-headed ogre
  7870 | D:10     | a glowing shapeshifter changed into a two-headed ogre
  7871 | D:10     | Noticed a two-headed ogre
  7872 | D:10     | Noticed an anaconda
  7872 | D:10     | a two-headed ogre changed into an anaconda
  7873 | D:10     | Killed a gargoyle
  7877 | D:10     | Reached skill level 14 in Axes
  7877 | D:10     | Killed an anaconda
  7877 | D:10     | Killed a two-headed ogre
  7878 | D:10     | Reached skill level 5 in Shields
  7878 | D:10     | Reached XP level 11. HP: 98/111 MP: 3/10
  8360 | D:9      | XOM: noise
  8361 | D:9      | Noticed Pikel
  8368 | D:9      | Killed Pikel
  8434 | D:9      | Found a sparkling altar of Nemelex Xobeh.
  8603 | D:9      | Found an ornate altar of the Wu Jian Council.
  8652 | D:9      | XOM: summons 2 hostile demons
  8719 | D:10     | XOM: silly message
  8758 | D:11     | Noticed an orc knight
  8769 | D:11     | Killed an orc knight
  8769 | D:11     | XOM: 2-stop teleportation journey
  8776 | D:11     | Reached skill level 15 in Axes
  8827 | D:11     | XOM: chaos upgrade
  8830 | D:11     | Found a staircase to the Lair.
  8830 | D:11     | XOM: 2-stop teleportation journey
  8835 | D:11     | Found a staircase to the Orcish Mines.
  8855 | D:11     | XOM: swap monsters
  9007 | D:11     | XOM: swap monsters
  9230 | D:11     | XOM: swap monsters
  9245 | D:11     | XOM: scenery: create altars
  9564 | Lair:1   | Entered Level 1 of the Lair of Beasts
  9675 | Lair:1   | Noticed Fannar
  9691 | Lair:1   | XOM: silly message
  9692 | Lair:1   | Killed Fannar
  9693 | Lair:1   | Reached XP level 12. HP: 114/122 MP: 11/11
  9720 | Lair:1   | XOM: noise
  9725 | Lair:1   | XOM: polymorph cane toad -> jumping spider
  9783 | Lair:1   | XOM: give mutations
  9783 | Lair:1   | Gained mutation: Your body sometimes deteriorates upon
                  | taking damage. [Xom's mischief]
  9783 | Lair:1   | Lost mutation: You are partially covered in iridescent
                  | scales. (AC +2) [Xom's mischief]
  9783 | Lair:1   | Lost mutation: You are strong-willed. (Will+) [Xom's
                  | mischief]
  9930 | D:6      | XOM: give mutation
  9930 | D:6      | Lost mutation: You occasionally lose the ability to drink
                  | potions when taking damage. [Xom's mischief]
 10084 | D:2      | XOM: torment (63/123 hp)
 10479 | Lair:1   | XOM: summons 1 hostile shadow creature
 10581 | Lair:1   | XOM: 2-stop teleportation journey
 10603 | Lair:1   | XOM: 3-stop teleportation journey
 10883 | Lair:1   | XOM: summons friendly sixfirhy
 10891 | Lair:1   | Reached skill level 16 in Axes
 11173 | Lair:2   | Identified a scroll of acquirement
 11179 | Lair:2   | Acquired 1239 gold pieces
 11213 | Lair:2   | XOM: 7-stop teleportation journey
 11283 | Lair:2   | XOM: fake destruction
 11315 | Lair:2   | XOM: summons 12 friendly demons
 11319 | Lair:2   | Reached skill level 10 in Shields
 11353 | Lair:2   | XOM: 2-stop teleportation journey
 11368 | Lair:2   | XOM: confuse monster(s)
 11405 | Lair:2   | XOM: summons 4 hostile shadow creatures
 11467 | Lair:2   | Noticed Harold
 11467 | Lair:2   | XOM: confuse monster(s)
 11475 | Lair:2   | Killed Harold
 11584 | Lair:2   | XOM: enchant monster (bad)
 11648 | Lair:2   | Found a staircase to the Shoals.
 11678 | Lair:2   | XOM: summons 4 hostile demons
 11714 | Lair:2   | XOM: confusion
 11718 | Lair:2   | XOM: confusion
 11903 | Lair:2   | XOM: stat loss: -1 Str (28/29)
 11987 | Lair:2   | XOM: give mutations
 11987 | Lair:2   | Lost mutation: You are robust. (+10% HP) [Xom's mischief]
 11987 | Lair:2   | Gained mutation: You are frail. (-10% HP) [Xom's mischief]
 11987 | Lair:2   | Lost mutation: Your body sometimes deteriorates upon taking
                  | damage. [Xom's mischief]
 11987 | Lair:2   | Lost mutation: You are frail. (-10% HP) [Xom's mischief]
 12084 | Lair:3   | Noticed a six-headed hydra
 12096 | Lair:3   | Killed a 15-headed hydra
 12219 | Lair:3   | Found a staircase to the Snake Pit.
 12252 | Lair:3   | Found a frozen archway.
 12258 | Lair:3   | Reached skill level 17 in Axes
 12258 | Lair:3   | XOM: polymorph ice devil -> orange demon
 12260 | Lair:3   | XOM: polymorph orange demon -> hellwing
 12279 | IceCv    | Entered an ice cave
 12294 | IceCv    | Reached XP level 13. HP: 119/119 MP: 12/12
 12302 | IceCv    | XOM: summons friendly shadow imp
 12385 | IceCv    | XOM: divination: detect items
 12389 | IceCv    | XOM: confuse monster(s)
 12595 | IceCv    | XOM: noise
 12598 | IceCv    | XOM: cast spell 'Call Canine Familiar'
 12634 | IceCv    | Noticed a frost giant
 12636 | IceCv    | XOM: divination: detect items
 12646 | IceCv    | XOM: potion effect (curing)
 12657 | IceCv    | Killed a frost giant
 12965 | Lair:3   | XOM: noise
 13147 | Lair:3   | XOM: summons 2 friendly demons
 13153 | Lair:3   | Reached skill level 18 in Axes
 13347 | Lair:3   | XOM: divination: detect items
 13853 | Lair:4   | XOM: 1-stop teleportation journey
 13864 | Lair:4   | Reached skill level 1 in Dodging
 13933 | Lair:4   | XOM: divination: magic mapping
 13942 | Lair:4   | Identified the +5 trident "Kaapli" {freeze, MP+9}
 13993 | Lair:4   | XOM: potion effect (curing)
 13998 | Lair:4   | XOM: cast spell 'Summon Ice Beast'
 14005 | Lair:4   | XOM: cast spell 'Leda's Liquefaction'
 14158 | Lair:4   | Reached XP level 14. HP: 122/130 MP: 13/13
 14208 | Lair:4   | XOM: god gift: 7 stones
 14452 | Lair:5   | Entered Level 5 of the Lair of Beasts
 14466 | Lair:5   | XOM: noise
 14494 | Lair:5   | XOM: summons 2 friendly demons
 14563 | Lair:5   | XOM: cast spell 'Call Canine Familiar'
 14695 | Lair:5   | Found a staircase to the Slime Pits.
 14695 | Lair:5   | Found a viscous altar of Jiyva.
 14751 | Lair:5   | XOM: god gift: scroll of poison
 14805 | Lair:5   | Found a shimmering altar of Xom.
 14917 | Lair:5   | XOM: noise
 14921 | Lair:5   | XOM: potion effect (haste)
 14929 | Lair:5   | XOM: confuse monster(s)
 15051 | Lair:5   | Identified the +7 rapier of Profit {protect, rN++}
 15063 | Lair:5   | Identified the +9 dagger "Tuluojyu" {vorpal, +Blink rF-
                  | Stlth+}
 15098 | Lair:5   | Reached skill level 15 in Shields
 15309 | Lair:5   | Found a runed translucent door.
 15312 | Lair:5   | Noticed inmateoo's ghost (journeyman DsGl)
 15325 | Lair:5   | Reached skill level 5 in Dodging
 15325 | Lair:5   | XOM: potion effect (brilliance)
 15450 | Lair:5   | XOM: silly message
 15451 | Lair:5   | Reached skill level 15 in Armour
 15460 | Lair:5   | Reached skill level 15 in Fighting
 15673 | Lair:5   | XOM: enchant monster (bad)
 15681 | Lair:5   | XOM: enchant monster (good)
 15700 | Lair:5   | Killed inmateoo's ghost
 15983 | D:12     | XOM: cleaving
 16214 | D:12     | Found Fereydun's Dragon-Slaying Spoils.
 16221 | D:12     | Bought +0 gold dragon scales for 1200 gold pieces
 16371 | D:13     | Found Ruocev's Book Shop.
 16430 | D:13     | XOM: 4-stop teleportation journey
 16547 | D:13     | Reached XP level 15. HP: 120/129 MP: 14/14
 16584 | D:13     | XOM: 3-stop teleportation journey
 16606 | D:13     | XOM: cleaving
 16668 | D:13     | XOM: cleaving
 16691 | D:13     | XOM: god gift: scroll of fear
 16695 | D:13     | XOM: divine lightning
 16741 | D:13     | Found a gate to the Vaults.
 17008 | D:13     | XOM: 2-stop teleportation journey
 17254 | D:13     | XOM: scenery: 1 doors open
 17290 | D:14     | XOM: god gift: staff of conjuration
 17412 | D:14     | XOM: scenery: summon butterflies
 17413 | D:14     | XOM: noise
 17414 | D:14     | XOM: noise
 17628 | D:14     | XOM: polymorph titanic slime creature -> bunyip
 17632 | D:14     | XOM: fog
 17745 | D:14     | XOM: destruction
 17779 | D:14     | XOM: scenery: create altars
 18064 | D:14     | XOM: divination: detect creatures
 18189 | D:14     | XOM: scenery: summon butterflies
 18320 | D:15     | Entered Level 15 of the Dungeon
 18414 | D:15     | Found Pexah's Book Shoppe.
 18560 | D:15     | XOM: confusion (+ monsters)
 18593 | D:15     | XOM is BORED!
 18593 | D:15     | XOM: give mutations
 18593 | D:15     | Gained mutation: You have a pair of large horns on your
                  | head. [Xom's mischief]
 18593 | D:15     | Gained mutation: You sometimes lose the ability to read
                  | scrolls when taking damage. [Xom's mischief]
 18599 | D:15     | XOM: god gift: 1237 gold pieces
 18625 | D:15     | Found a staircase to the Depths.
 18632 | D:15     | XOM: swap monsters
 18634 | D:15     | XOM: scenery: summon butterflies
 18636 | D:15     | XOM: scenery: summon butterflies
 18764 | D:15     | Found a gateway to a bazaar.
 18782 | Bazaar   | Entered a bazaar
 18806 | Bazaar   | Found Paxzoh's Assorted Antiques.
 18807 | Bazaar   | Found Qifrynli's Weapon Shoppe.
 18850 | Bazaar   | Found Igitied's Antique Weapon Emporium.
 18850 | Bazaar   | Found Iciy's Assorted Antiques.
 18872 | Bazaar   | Bought a glowing broad axe for 224 gold pieces
 18873 | Bazaar   | Bought a steaming plate armour for 896 gold pieces
 18873 | Bazaar   | Identified the +0 plate armour "Faptaz" {Int+4} (You bought
                  | it in a shop in a bazaar)
 19101 | D:15     | XOM: give mutations
 19101 | D:15     | Gained mutation: You are partially covered in iridescent
                  | scales. (AC +2) [Xom's grace]
 19101 | D:15     | Gained mutation: You have supernaturally acute eyesight.
                  | (SInv) [Xom's grace]
 19314 | Orc:1    | Entered Level 1 of the Orcish Mines
 19408 | Orc:2    | Entered Level 2 of the Orcish Mines
 19433 | Orc:2    | Found a staircase to the Elven Halls.
 19630 | Orc:2    | XOM: divination: detect creatures
 19658 | Orc:2    | XOM: summons friendly quasit
 19687 | Orc:2    | Found Xifev's Armour Shoppe.
 19714 | Orc:2    | XOM: enchant monster (good)
 19721 | Orc:2    | Reached skill level 1 in Evocations
 19795 | Orc:2    | XOM: 2-stop teleportation journey
 19971 | Orc:2    | XOM: summons 2 hostile demons
 19996 | Orc:2    | XOM: enchant monster (bad)
 20018 | Orc:2    | XOM: destruction
 20046 | Orc:2    | XOM: noise
 20047 | Orc:2    | Noticed an orc warlord
 20063 | Orc:2    | XOM: polymorph sun demon -> soul eater
 20070 | Orc:2    | XOM: enchant monster (bad)
 20074 | Orc:2    | Killed an orc warlord
 20203 | Orc:2    | Found Oduqoper's Antique Armour Shop.
 20205 | Orc:2    | Found Galuel's Antique Weapon Boutique.
 20218 | Orc:2    | Bought a glowing cloak for 157 gold pieces
 20409 | Orc:2    | Found Vuonemabbu's Book Shoppe.
 20553 | Snake:1  | Entered Level 1 of the Snake Pit
 20557 | Snake:1  | You fall into a shaft and drop 1 floor!
 20617 | Snake:1  | XOM: scenery: summon butterflies
 20622 | Snake:1  | XOM: enchant monster (good)
 20632 | Snake:1  | XOM: blink monster(s)
 20762 | Snake:1  | Found Biodagagg's Assorted Antiques.
 20762 | Snake:1  | Found Lumpe's General Store.
 20763 | Snake:1  | Found Lameuwat's Magic Scroll Emporium.
 20765 | Snake:1  | Found Jusaxt's General Store.
 20765 | Snake:1  | XOM: enchant monster (good)
 20775 | Snake:1  | Bought 3 scrolls of enchant armour for 360 gold pieces
 20775 | Snake:1  | Bought 3 scrolls of enchant armour for 360 gold pieces
 20778 | Snake:1  | Bought a scroll of enchant weapon for 315 gold pieces
 20781 | Snake:1  | Bought a potion of heal wounds for 70 gold pieces
 20784 | Snake:1  | Bought a scroll of fear for 68 gold pieces
 20823 | Snake:1  | XOM: confuse monster(s)
 20825 | Snake:1  | Reached skill level 10 in Dodging
 20863 | Snake:2  | Reached XP level 16. HP: 146/154 MP: 15/15
 20874 | Snake:2  | XOM: confusion (+ monsters)
 20886 | Snake:2  | XOM: enchant monster (bad)
 20936 | Snake:2  | XOM: smoke on damage
 20941 | Snake:2  | XOM: cast spell 'Call Canine Familiar'
 21038 | Snake:2  | XOM: enchant monster (good)
 21056 | Snake:2  | XOM: divination: detect creatures
 21103 | Snake:3  | XOM: summons friendly white imp
 21115 | Snake:3  | XOM: potion effect (invisibility)
 21169 | Snake:4  | Entered Level 4 of the Snake Pit
 21177 | Snake:4  | XOM: cast spell 'Summon Small Mammal'
 21183 | Snake:4  | XOM: 1-stop teleportation journey
 21192 | Snake:4  | XOM: enchant monster (good)
 21197 | Snake:4  | XOM: 4-stop teleportation journey
 21214 | Snake:4  | XOM: cast spell 'Monstrous Menagerie'
 21441 | Snake:4  | Identified the +1 ring mail of the Hanged Man {rC+ Regen+
                  | Slay-6}
 21512 | Snake:4  | XOM: summons friendly white imp
 21641 | Snake:4  | XOM: scenery: 2 doors close
 21646 | Snake:4  | Reached skill level 5 in Evocations
 21652 | Snake:4  | XOM: polymorph salamander -> shapeshifter
 21661 | Snake:4  | XOM: fog
 21663 | Snake:4  | XOM: divination: magic mapping
 21668 | Snake:4  | XOM: summons friendly iron imp
 21668 | Snake:4  | XOM: smoke on damage
 21670 | Snake:4  | HP: 5/157 [salamander/+0 halberd (3)]
 21670 | Snake:4  | Slain by a salamander

Illustrated notes

Levels and vault maps discovered:
D:1:      elethiomel_arrival_infinity_welcomes_careful_drivers, layout_basic,
          shapermc_ecumenical_altar_mp_highgroup
D:2:      layout_basic
D:3:      layout_loops_ring, nicolae_overflow_crystal_walls,
          mainiacjoe_overflow_alcove_1, lemuel_old_faithful
D:4:      layout_loops_ring, minmay_temple_entry_mini_moons, serial_shops, shop,
          uniq_blork_the_orc, uniq_grinder
D:5:      layout_basic, trog_three_pillars_becter, nicolae_figureground_sparkle
D:6:      layout_gridville, chequers_temple_overflow_statue_of_worship,
          serial_bayou, serial_bayou_pond_c, serial_bayou_lagoon_b,
          serial_bayou_ford_a, serial_bayou_pond_b
D:7:      layout_loops_ring, serial_shops, nicolae_take_the_stairs,
          nicolae_shop_hallway_stairs,
          nicolae_shop_temple_entry_statues_fountains, nicolae_shop_waterfront,
          nicolae_shop_crystal, enter_bailey_5
D:8:      layout_gridville, zin_academy, serial_shops,
          nicolae_shop_bloodbath_and_beyond
D:9:      layout_roguey, pdpol_wu_jian_five_deadly_venoms, nemelex_altar_shiori,
          uniq_pikel
D:10:     layout_basic, minmay_circle_x
D:11:     layout_cave_pods, due_lair_maze_entry_diamond, david_orc_2
D:12:     layout_roguey, nicolae_shop_dragon_depot, minivault_27, the_hattery
D:13:     layout_basic, hangedman_vaults_entry_quadrant_bands, serial_shops,
          nicolae_inconvenience_store
D:14:     layout_layer_cave, nicolae_wwwww
D:15:     grunt_enter_depths_giant_problem, layout_rooms, serial_shops,
          freezing_bzr, shop, serial_bayou_lagoon_a,
          nrook_guardian_serpent_ordinary
Lair:1:   lemuel_ratsnest, layout_gridlike, chequers_serial_rivers_small_b,
          chequers_serial_rivers_small_b, serial_bayou_shore_a,
          grunt_megastairs_3, uniq_fannar
Lair:2:   layout_loops_ring, elwin_shoals_entry_stream, worms_lemuel,
          grunt_megastairs_2, uniq_harold
Lair:3:   wad_woods_structure_01, layout_hall_layers,
          minmay_snake_entry_guardpost_small, portal_ice_cave_demonic_guard
Lair:4:   layout_roguey, serial_bayou, serial_bayou_shore_b,
          serial_bayou_pond_d, serial_bayou_pond_d, serial_bayou_lake_a,
          grunt_megastairs_5
Lair:5:   hangedman_lair_caniforms_friends, layout_small_grid,
          hangedman_lair_in_review, slime_entry_1, basic_altar,
          ebering_ghost_inner_flame, nicolae_lair_liquid_snakes
Snake:1:  layout_onion, minmay_shoptagon
Snake:2:  layout_grid_maze
Snake:3:  layout_onion_interference, grunt_ministairs_13, minmay_shop_star,
          grunt_megastairs_1, uniq_mlioglotl, uniq_vashnia
Snake:4:  johnstein_snake_rune_scales, layout_rooms, drop_trap
Orc:1:    layout_caves, serial_shops, shop, basic_altar
Orc:2:    grunt_orc_community_town_hall, layout_diamond_mine,
          grunt_orc_community_big_house_1, grunt_orc_community_big_house_1,
          grunt_orc_community_house_3, grunt_orc_community_house_1,
          grunt_orc_community_house_1, grunt_orc_community_house_3,
          grunt_orc_community_house_2, grunt_orc_community_house_2

Skill      XL: |  1  2  3  4  5  6  7  8  9 10 11 12 13 14 15 16 |
---------------+-------------------------------------------------+-----
Axes           | 3 4 5 6 8 10 12 14 15 17 18 | 18.0
Fighting       | 4 5 6 7 9 10 11 12 13 15 16 17 | 17.8
Armour         | 4 5 6 7 9 10 11 12 13 15 17 | 17.9
Shields        | 5 8 11 13 15 | 15.0
Dodging        | 2 7 10 11 | 11.4
Evocations     | 2 5 |  5.3

Action                   |  1- 3 |  4- 6 |  7- 9 | 10-12 | 13-15 | 16-18 || total
-------------------------+-------+-------+-------+-------+-------+-------++-------
Melee: War axe           |    48 |   119 |   254 |    19 |       |       ||   440
       Headbutt          |    11 |    18 |    43 |   111 |   305 |    80 ||   568
       Broad axe         |       |       |       |   526 |  1162 |   269 ||  1957
  Use: Potion            |       |     1 |     3 |     3 |       |     7 ||    14
       Scroll            |       |     5 |     3 |    18 |    13 |     1 ||    40
 Stab: Distracted        |       |       |     1 |       |     3 |       ||     4
       Invisible         |       |       |     5 |       |       |     6 ||    11
       Confused          |       |       |       |       |     4 |     1 ||     5
       Paralysed         |       |       |       |       |       |     4 ||     4
       Petrifying        |       |       |       |       |       |     2 ||     2
       Petrified         |       |       |       |       |       |     1 ||     1
Armor: Scale mail        |     6 |       |       |       |       |       ||     6
       Plate armour      |    34 |    81 |   152 |   335 |   299 |       ||   901
       Gold dragon scale |       |       |       |       |   281 |   238 ||   519
Dodge: Dodged            |    19 |    37 |    70 |   149 |   267 |    84 ||   626
Block: Buckler           |     9 |    17 |    48 |    35 |       |       ||   109
       Kite shield       |       |       |       |   307 |   875 |   276 ||  1458
